Map: Proxima Station LE

Players

iaguz - Winner!

  • Race: Terran Terran
  • Spawn Location: 1:00

TooDming

  • Race: Zerg Zerg
  • Spawn Location: 7:00

Event: WCS Austin 2017

VOD

Have the link to the VOD?

Description

Time

  • Played on: April 28, 2017, 7:51 p.m.
  • Length: 11:46

All games in this series

Show
View Real Time Build Order
Export as new Build Order

iaguz Terran - Winner!

Build Orders: MMM Bio 

Get SALT Encoding   

  12  0:00  SCV  
  13  0:13  SCV  
  14  0:18  Supply Depot  
  14  0:25  SCV  
  15  0:40  Barracks, SCV  
  16  0:45  Refinery  
  16  0:52  SCV  
  17  1:04  SCV  
  18  1:16  SCV  
  19  1:27  Marine  
  19  1:28  Orbital Command  
  20  1:42  Command Center  
  20  1:45  Marine  
  21  1:55  Supply Depot  
  21  1:57  SCV  
  22  2:11  Barracks Reactor  
  22  2:13  Factory  
  22  2:14  SCV  
  23  2:19  Refinery  
  23  2:26  SCV  
  24  2:38  SCV  
  25  2:48  Marine  
  25  2:49  Marine  
  25  2:50  SCV  
  28  2:56  Orbital Command  
  28  2:58  Starport, Widow Mine  
  28  3:02  SCV  
  31  3:06  Marine x2  
  33  3:14  SCV  
  33  3:16  Supply Depot  
  34  3:23  SCV  
  34  3:26  Marine, SCV  
  34  3:27  Marine  
  37  3:28  Factory Tech Lab  
  38  3:35  Medivac  
  38  3:38  SCV  
  38  3:39  SCV  
  42  3:47  Siege Tank  
  45  3:50  SCV  
  45  3:51  SCV  
  47  4:01  Command Center  
  47  4:04  SCV x2  
  49  4:10  Supply Depot, Medivac  
  49  4:13  Marine  
  49  4:14  Marine  
  53  4:18  SCV  
  53  4:21  Supply Depot  
  54  4:27  Liberator  
  54  4:32  SCV x2  
  56  4:40  Barracks, Marine  
  56  4:41  Barracks, Stimpack  
  56  4:44  SCV  
  61  4:47  Factory Reactor  
  61  4:51  SCV  
  62  4:57  SCV  
  63  5:03  SCV  
  60  5:09  Marine, SCV  
  62  5:14  Engineering Bay x2  
  62  5:15  Refinery, SCV  
  62  5:16  Orbital Command  
  62  5:17  Refinery  
  63  5:21  SCV  
  63  5:26  Barracks, Marine  
  63  5:28  SCV  
  66  5:30  Factory Reactor  
  66  5:36  Orbital Command  
  66  5:38  Marine x2, SCV  
  66  5:40  Starport Reactor, SCV  
  66  5:42  Barracks  
  70  5:47  Terran Infantry Armor Level 1, Terran Infantry Weapons Level 1  
  70  5:50  SCV  
  70  5:51  Marine x3  
  70  5:54  SCV  
  75  5:58  Marine x2  
  75  6:02  SCV  
  75  6:03  SCV  
  79  6:06  SCV  
  79  6:08  Widow Mine x2, Marine  
  85  6:12  Supply Depot x2  
  85  6:15  Marine x2  
  85  6:16  SCV  
  85  6:17  Barracks Reactor  
  88  6:18  Medivac  
  88  6:19  Medivac  
  88  6:24  Supply Depot  
  88  6:25  Marine  
  93  6:33  Marine  
  93  6:34  SCV x2  
  93  6:35  Barracks Reactor, Marine x2  
  93  6:36  Supply Depot  
  99  6:40  SCV  
  99  6:45  Widow Mine x2, Marine x2  
  99  6:46  SCV x2  
  107  6:47  Combat Shields  
  107  6:51  Marine  
  107  6:53  Marine x3  
  107  6:54  Marine  
  112  6:55  Medivac x2  
  112  6:56  SCV  
  112  7:00  Supply Depot  
  117  7:06  Marine x2  
  119  7:09  Marine  
  119  7:11  Marine x3  
  119  7:16  Widow Mine, Marine x3  
  119  7:18  SCV  
  119  7:20  SCV  
  119  7:21  Widow Mine, SCV  
  126  7:23  Marine  
  126  7:24  Supply Depot, Marine  
  126  7:27  Marine  
  126  7:29  Marine x3  
  132  7:33  Marine  
  132  7:34  Marine  
  133  7:43  SCV  
  133  7:45  Medivac x2, Marine, SCV x2  
  133  7:49  Supply Depot, Armory  
  133  7:50  Supply Depot, Marine  
  141  7:52  Marine  
  141  7:53  Marauder  
  141  8:09  Marine  
  141  8:10  Widow Mine, Marine x7  
  141  8:11  Widow Mine  
  149  8:14  Marauder  
  149  8:18  Barracks  
  149  8:19  Barracks x2  
  146  8:27  Marine  
  146  8:28  Marine x3  
  146  8:33  Missile Turret x2  
  137  8:35  Missile Turret  
  137  8:37  Marine x4  
  137  8:38  Medivac x2  
  137  8:40  Supply Depot, Refinery  
  145  8:42  Supply Depot  
  145  8:43  Widow Mine x2, Marauder  
  145  8:45  Marine x2  
  145  8:46  Marine  
  154  8:48  Marine  
  154  8:50  Terran Infantry Weapons Level 2, Missile Turret  
  154  8:54  Marine  
  156  8:57  Marine  
  156  9:02  Marine x2  
  159  9:04  Marauder  
  159  9:09  Marine x3  
  162  9:10  Marine  
  162  9:11  Barracks Reactor, Barracks Tech Lab x2  
  162  9:13  Widow Mine x2  
  162  9:14  Medivac x2  
  173  9:25  Marine  
  173  9:26  Supply Depot x3  
  173  9:28  Marauder  
  173  9:29  Marine x2  
  173  9:30  Supply Depot, Marauder  
  173  9:35  Marine  
  173  9:37  Marine  
  173  9:38  Marine  
  173  9:41  Marine x2  
  173  9:43  Marine  
  169  9:47  Widow Mine x2, Marine x2  
  169  9:48  Medivac x2  
  177  9:57  Marine x2  
  177  9:58  Marauder, Marine  
  177  9:59  Marine x2  
  178  10:01  Marine x2  
  178  10:07  Marine x2  
  180  10:14  Liberator  
  180  10:15  Marine  
  180  10:16  Marauder, Marine x3  
  180  10:17  Marine  
  180  10:18  Marauder, Command Center  
  189  10:26  Marauder, Marine x3  
  189  10:27  Marine  
  195  10:31  Widow Mine  
  200  10:48  Marine  
  199  10:50  Marine  
  199  10:56  Marauder, Marine  
  192  11:03  Marauder, Marine  
  183  11:10  Marine x2  
  183  11:11  Marauder  
  184  11:15  Widow Mine, Marine x2  
  184  11:18  Marauder  
  171  11:26  Marine x2  
  171  11:27  Marine  
  171  11:28  Marine x2  
Show
View Real Time Build Order
Export as new Build Order

TooDming Zerg 

Build Orders: Pool First, Muta Ling Bane 

Get SALT Encoding   

  12  0:00  Drone  
  13  0:12  Overlord  
  13  0:17  Drone  
  14  0:30  Drone x2  
  14  0:35  Drone  
  17  0:44  Spawning Pool  
  17  0:48  Drone  
  17  1:09  Hatchery  
  16  1:11  Drone  
  16  1:15  Drone  
  18  1:19  Drone  
  19  1:31  Queen  
  19  1:32  Zergling x2  
  22  1:39  Overlord  
  22  1:57  Hatchery  
  21  2:03  Extractor  
  21  2:04  Drone x2  
  22  2:13  Queen  
  24  2:21  Drone x2  
  24  2:22  Drone  
  26  2:33  Drone x2  
  28  2:42  Queen  
  30  2:46  Drone x2  
  30  2:47  Drone  
  33  2:53  Drone x2  
  35  2:59  Overlord  
  35  3:03  Metabolic Boost  
  35  3:15  Drone  
  35  3:16  Drone x4  
  40  3:26  Zergling x10  
  45  3:34  Overlord  
  45  3:37  Drone x2  
  47  3:44  Drone x2  
  47  3:45  Overlord  
  49  3:52  Queen x2  
  49  3:55  Queen  
  53  3:59  Overlord  
  53  4:02  Overlord  
  55  4:08  Spore Crawler  
  54  4:10  Drone, Spore Crawler  
  54  4:11  Drone  
  54  4:13  Drone x2  
  57  4:18  Zergling x6  
  57  4:20  Zergling x2  
  57  4:22  Zergling x2  
  57  4:23  Zergling x2  
  63  4:26  Drone x2  
  65  4:32  Evolution Chamber  
  65  4:35  Evolution Chamber  
  63  4:40  Drone x2  
  63  4:41  Drone x4  
  63  4:44  Drone  
  70  4:48  Extractor  
  69  4:55  Drone x2  
  69  4:56  Drone x3  
  74  5:04  Drone x2  
  74  5:06  Zerg Ground Armor Level 1  
  73  5:07  Zerg Melee Weapons Level 1  
  73  5:13  Spore Crawler  
  72  5:15  Zergling x10  
  72  5:19  Overlord  
  72  5:20  Overlord  
  77  5:25  Lair  
  77  5:28  Extractor  
  76  5:29  Extractor  
  76  5:30  Baneling Nest  
  76  5:35  Drone x3  
  76  5:36  Drone x3  
  76  5:40  Drone  
  76  5:41  Drone x4  
  85  5:44  Drone x2  
  85  5:46  Drone x2  
  85  5:47  Drone  
  90  5:58  Drone x6  
  96  6:05  Drone x2  
  98  6:13  Overlord x3  
  98  6:19  Extractor  
  98  6:20  Extractor  
  98  6:25  Overlord  
  95  6:28  Centrifical Hooks  
  95  6:29  Spire  
  94  6:34  Hatchery  
  93  6:42  Drone x5  
  93  6:44  Zergling x16  
  93  6:46  Hatchery  
  105  6:51  Drone x3  
  105  6:53  Overlord  
  107  6:55  Baneling x3  
  107  6:56  Baneling x3  
  107  7:01  Zergling x2  
  107  7:02  Zergling x4  
  109  7:12  Zergling x6  
  97  7:22  Zergling x2  
  97  7:23  Zergling x20  
  97  7:25  Zerg Ground Armor Level 2, Zerg Melee Weapons Level 2  
  102  7:30  Queen  
  102  7:38  Zergling x8  
  102  7:48  Mutalisk  
  102  7:49  Mutalisk x3  
  102  7:51  Overseer, Pneumatized Carapace  
  110  7:54  Baneling x3  
  110  7:55  Mutalisk, Baneling x4  
  110  7:58  Zergling x18  
  117  8:07  Baneling  
  117  8:08  Zergling x2  
  117  8:12  Mutalisk x2  
  109  8:15  Zergling x10  
  117  8:21  Zerg Flyer Weapons Level 1  
  110  8:30  Mutalisk x3  
  110  8:32  Zergling x16  
  109  8:37  Baneling x3  
  109  8:38  Baneling  
  109  8:39  Zergling x2  
  109  8:40  Zergling x2  
  111  8:48  Mutalisk  
  113  8:49  Mutalisk  
  113  8:52  Zergling x8  
  119  8:56  Mutalisk  
  119  8:59  Zergling x6  
  119  9:02  Overlord x2  
  124  9:06  Mutalisk  
  124  9:09  Hatchery  
  125  9:15  Baneling x9  
  125  9:18  Zergling x14  
  132  9:24  Mutalisk  
  132  9:31  Mutalisk  
  129  9:34  Zergling x20  
  138  9:40  Mutalisk x2  
  138  9:44  Zergling x8  
  146  9:49  Drone  
  133  10:00  Mutalisk x2  
  133  10:05  Zergling x2  
  133  10:06  Zergling x16  
  146  10:25  Mutalisk  
  146  10:26  Mutalisk x2  
  146  10:27  Zergling x12  
  158  10:33  Baneling x3  
  158  10:34  Baneling  
  158  10:35  Zergling x2  
  158  10:37  Overlord x4  
  154  10:53  Zergling x12  
  155  10:58  Mutalisk x2  
  155  11:01  Zergling x8  
  155  11:03  Baneling x2  
  158  11:07  Zergling x10  
  156  11:14  Overseer  
  149  11:20  Mutalisk x3  
  149  11:23  Zergling x2  
  149  11:24  Zergling x2  
  129  11:29  Zergling x2  
Tags
 
Add a new tag
Caveats
  • Supply blocks, unpowered buildings, or Contaminate may cause inaccurate times.
  • Supply counts are checked every 10 seconds.